 Dungeon Crawl Stone Soup version 0.29-a0-870-g2c972031a6 (webtiles) character file.

Game seed: 11837027573713685587

24 zeratav the Stinger (level 3, -2/21 HPs)
             Began as an Octopode Venom Mage on July 17, 2022.
             Killed from afar by Sigmund (10 damage)
             ... with a magic dart
             ... on level 2 of the Dungeon.
             The game lasted 00:01:48 (1399 turns).

zeratav the Stinger (Octopode Venom Mage)           Turns: 1399, Time: 00:01:48

Health: -2/21      AC:  1    Str:  7    XL:     3   Next: 2%
Magic:  6/6        EV: 13    Int: 19    God:
Gold:   83         SH:  0    Dex: 12    Spells: 5/6 levels left

rFire   . . .      SeeInvis .   f - +0 dagger {short}
rCold   . . .      Faith    .   (no shield)
rNeg    . . .      Spirit   .   (helmet restricted)
rPois   .          Reflect  .   (no amulet)
rElec   .          Harm     .   (no ring)
rCorr   .          Rampage  .   (no ring)
Will    .....                   (no ring)
Stlth   +++.......              (no ring)
HPRegen 0.07/turn               (no ring)
MPRegen 0.10/turn               (no ring)
                                (no ring)
                                (no ring)

@: no status effects
A: almost no armour, amphibious, 8 rings, camouflage 1, gelatinous body 1,
(nimble swimmer 1), tentacles
a: no special abilities


You were on level 2 of the Dungeon.
You visited 1 branch of the dungeon, and saw 2 of its levels.

You collected 83 gold pieces.


Innate Abilities, Weirdness & Mutations

You cannot wear most types of armour.
You are amphibious.
You can wear up to eight rings at the same time.
Your skin changes colour to match your surroundings (Stealth+).
Your rubbery body absorbs attacks. (AC +1, EV +1)
((You are camouflaged when in or above water. (Stealth+)))
You have tentacles for arms and can constrict up to eight enemies at once.


   Skills:
 - Level 2.0 Dodging
 + Level 3.9 Stealth
 - Level 2.0 Spellcasting
 - Level 1.0 Transmutations
 + Level 4.3 Poison Magic


You had 5 spell levels left.
You knew the following spells:

 Your Spells              Type           Power      Damage    Failure   Level
a - Sting                 Tmut/Pois      48%        1d5       5%          1

Your spell library contained the following spells:

 Spells                   Type           Power      Damage    Failure   Level
 Poisonous Vapours        Pois/Air       20%        N/A       11%         2
 Mephitic Cloud           Conj/Pois/Air  7%         N/A       28%         3
 Olgreb's Toxic Radiance  Pois           18%        N/A       28%         4

Inventory:

Hand Weapons
 f - a +0 dagger (weapon) {short}
   (You took it off a goblin on level 1 of the Dungeon)
Scrolls
 b - 2 scrolls of poison {unknown}
 c - a scroll of torment {unknown}
 d - a scroll of magic mapping {unknown}
 e - 2 scrolls of teleportation {unknown}
 h - 2 scrolls of immolation {unknown}
Potions
 a - a potion of magic
 g - a potion of heal wounds {unknown}

Dungeon Overview and Level Annotations

Branches:
Dungeon (2/15) Zot: 10601

Altars:

Annotations:
D:2 Sigmund

###.##
#........##.###..........
....#
#[....##.###.#..#........
###.##
#.....##.####..#######...
##...# ########†.....##
#... #..<.#
#############.# #...
#....# #.......# #.# #...
#.#.#####.#####.# #.#
#...
............###.#####{#
##.#
#.##..###.#.....@.....#
{#
#.##..##.....##.#######
.. #.........#.###.#
####..###.......#
......#####.#####
#####.......# #########


There were no monsters in sight!


Message History

Your mp is fully restored (5).
A quokka is nearby!
The sting hits the quokka.
The quokka is poisoned.
MP[-1]
You lost 1 mp, and now have 4/5 mp.
The sting misses the quokka.
You kill the quokka!
MP[-1]
You lost 1 mp, and now have 3/5 mp.
You can't see any susceptible monsters within range! (Use Z to cast anyway.)
A bat comes into view.
MP[+2]
Your mp is fully restored (5).
A bat is nearby!
The bat barely misses you.
The sting hits the bat.
The bat is poisoned.
You kill the bat!
MP[-1]
You lost 1 mp, and now have 4/5 mp.
You can't see any susceptible monsters within range! (Use Z to cast anyway.)
You can't see any susceptible monsters within range! (Use Z to cast anyway.)
Found a stone staircase leading down.
MP[+1]
Your mp is fully restored (5).
Done exploring.
Done exploring.
(D) Dungeon
Where to? (? - help)
There is a stone staircase leading down here.
You climb downwards.
There is a stone staircase leading up here.
Found a stone staircase leading up.
You now have 55 gold pieces (gained 6).
You now have 65 gold pieces (gained 10).
You now have 70 gold pieces (gained 5).
You now have 83 gold pieces (gained 13).
A rat comes into view.
The rat moves out of view.
A rat is nearby!
You can't see any susceptible monsters within range! (Use Z to cast anyway.)
You can't see any susceptible monsters within range! (Use Z to cast anyway.)
The sting hits the rat.
The rat is poisoned.
You kill the rat!
MP[-1]
You lost 1 mp, and now have 4/5 mp.
You can't see any susceptible monsters within range! (Use Z to cast anyway.)
You can't see any susceptible monsters within range! (Use Z to cast anyway.)
A bat comes into view.
MP[+1]
Your mp is fully restored (5).
A bat is nearby!
You can't see any susceptible monsters within range! (Use Z to cast anyway.)
The sting hits the bat.
The bat is poisoned.
You kill the bat!
MP[-1]
You lost 1 mp, and now have 4/5 mp.
You can't see any susceptible monsters within range! (Use Z to cast anyway.)
You can't see any susceptible monsters within range! (Use Z to cast anyway.)
You see here a bat corpse.
A hobgoblin comes into view.
MP[+1]
Your mp is fully restored (5).
A hobgoblin is nearby!
The hobgoblin shouts!
Sigmund the Dreaded comes into view.
He is wielding a +2 vampiric scythe.
The hobgoblin attacks as you move away! The hobgoblin closely misses you.
Sigmund shouts!
You hear an angry hiss.
Sigmund casts a spell.
Sigmund flickers and vanishes!
Deactivating autopickup; reactivate with Ctrl-A.
You closely miss the hobgoblin. Your grab misses the hobgoblin.
The hobgoblin closely misses you.
You closely miss the hobgoblin. Your grab misses the hobgoblin.
You squeeze the hobgoblin. The hobgoblin completely misses you.
You hit the hobgoblin but do no damage. You grab the hobgoblin.
You constrict the hobgoblin. The hobgoblin misses you.
You hit the hobgoblin but do no damage.
You constrict the hobgoblin, but do no damage.
The hobgoblin misses you.
You hit the hobgoblin. You squeeze the hobgoblin.
You kill the hobgoblin!
You have reached level 3!
Your experience leads to an increase in your attributes!
Increase (S)trength, (I)ntelligence, or (D)exterity?
You feel clever. x2
HP[+4] MP[+1]
You now have 21 max hp (+4).
Your hp is fully restored (21).
Your mp is fully restored (6).
Something hits you!
HP[-10]
You take 10 damage, and now have 11/21 hp.
MASSIVE DAMAGE!! (PAUSE)
A magic dart appears from out of thin air!
The magic dart hits you.
* * * LOW HITPOINT WARNING * * *
HP[-3]
You take 3 damage, and now have 8/21 hp.
A magic dart appears from out of thin air!
The magic dart hits you!
You die...

Skill      XL: |  1  2 |
---------------+-------+-----
Stealth        | 3 |  3.9
Poison Magic   | 4 |  4.3
Dodging        | |  2.0
Spellcasting   | |  2.0
Transmutations | |  1.0

Action                   || total
-------------------------++-------
Melee: Spear             ||     2
       Dagger            ||     6
       Tentacles         ||     3
       Constrict         ||     2
 Cast: Sting             ||    28
 Stab: Sleeping          ||     1
Dodge: Dodged            ||     9

Levels and vault maps discovered:
D:1:      dpeg_arrival_snail, layout_basic, ebering_ecumenical_altar_box
D:2:      layout_loops_cross, serial_shops, shop_statue,
          kennysheep_generic_room_12, uniq_jessica, uniq_sigmund

Notes
Turn   | Place    | Note
-------+----------+-------------------------------------------
     0 | D:1      | zeratav the Octopode Venom Mage began the quest for the
                  | Orb.
     0 | D:1      | Reached XP level 1. HP: 11/11 MP: 3/3
     0 | D:1      | magus.rc [v1.9.6]
   225 | D:1      | Reached skill level 3 in Stealth
   462 | D:1      | Reached XP level 2. HP: 17/17 MP: 3/5
   550 | D:1      | Reached skill level 4 in Poison Magic
  1023 | D:1      | Found a faded altar of an unknown god.
  1375 | D:2      | Noticed Sigmund
  1387 | D:2      | Reached XP level 3. HP: 21/21 MP: 6/6
  1399 | D:2      | Killed from afar by Sigmund

Vanquished Creatures
  A dart slug (D:1)
  3 bats
  An endoplasm (D:1)
  2 giant cockroaches (D:1)
  3 hobgoblins
  A quokka (D:1)
  4 ball pythons (D:1)
  A goblin (D:1)
  A kobold (D:1)
  4 rats
21 creatures vanquished.

Table legend:
 A = Non-vault XP
 B = Vault XP
 C = Vault XP percentage of total XP
 D = Non-vault monster count
 E = Vault monster count
 F = Vault count percentage of total count
                 A         B        C        D         E       F
            +---------+---------+-------+---------+---------+-------
      Total |      35 |       0 |   0.0 |      21 |       0 |   0.0
            +---------+---------+-------+---------+---------+-------
        D:1 |      30 |       0 |   0.0 |      18 |       0 |   0.0
        D:2 |       5 |       0 |   0.0 |       3 |       0 |   0.0
            +---------+---------+-------+---------+---------+-------

Illustrated notes

Table legend:
 A = Kills in this place as a percentage of kills in entire the game.
 B = Kills by you in this place as a percentage of kills by you in the entire game.
 C = Kills by friends in this place as a percentage of kills by friends in the entire game.
 D = Other kills in this place as a percentage of other kills in the entire game.
 E = Experience gained in this place as a percentage of experience gained in the entire game.
 F = Experience gained in this place divided by the number of levels of this place that you have seen.
                   A       B       C       D       E      F
               +-------+-------+-------+-------+-------+----------------------
         Total | 100.0 | 100.0 |   N/A |   N/A | 100.0 |  17.5
       Dungeon | 100.0 | 100.0 |   N/A |   N/A | 100.0 |  17.5
               +-------+-------+-------+-------+-------+----------------------

Table legend: (Time is in decaauts)
 A = Elapsed time spent in this place.
 B = Non-inter-level travel time spent in this place.
 C = Inter-level travel time spent in this place.
 D = Time resting spent in this place.
 E = Time spent auto-exploring this place.
 F = Levels seen in this place.
 G = Mean time per level.
                   A        B        C        D        E       F      G
               +--------+--------+--------+--------+--------+-----+--------+
         Total |   1397 |   1377 |     20 |      0 |   1240 |   2 |  698.5 |
       Dungeon |   1397 |   1377 |     20 |      0 |   1240 |   2 |  698.5 |
               +--------+--------+--------+--------+--------+-----+--------+

Top non-repeatable levels by time:
     D:1: 1187 daAuts
     D:2: 210 daAuts
